 Dungeon Crawl Stone Soup version 0.16-a0-3736-g4b94454 (webtiles) character file.

667 Johnny the Shield-Bearer (level 7, -5/50 HPs)
             Began as an Octopode Fighter on Jan 22, 2015.
             Was an Initiate of the Shining One.
             Slain by a centaur (8 damage)
             ... on level 5 of the Dungeon.
             The game lasted 00:05:23 (4210 turns).

Johnny the Shield-Bearer (Octopode Fighter)         Turns: 4210, Time: 00:05:23

Health: -5/50      AC:  2    Str: 16    XL:     7   Next: 57%
Magic:  7/7        EV: 10    Int: 10    God:    the Shining One [......]
Gold:   365        SH: 14    Dex: 13    Spells: 0 memorised, 6 levels left

rFire  + . .     SeeInvis .     w - +1 short sword (holy)
rCold  . . .     Clarity  .     k - +0 large shield
rNeg   . . .     SustAb   .     (helmet restricted)
rPois  .         Gourm    .     (no amulet)
rElec  .         Spirit   .     s - ring of protection from fire
rCorr  .         Warding  .     (no ring)
rMut   .         Stasis   .     (no ring)
MR     .....                    (no ring)
Stlth  ++........               (no ring)
                                (no ring)
                                (no ring)
                                (no ring)

@: flying, very slightly contaminated, hasted, very quick, not resistant to
hostile enchantments, unstealthy
A: almost no armour, amphibious, 8 rings, constrict 8, rugged brown scales 1,
camouflage 1, gelatinous body 1
a: Renounce Religion


You were on level 5 of the Dungeon.
You worshipped the Shining One.
The Shining One was noncommittal.
You were hungry.

You visited 1 branch of the dungeon, and saw 5 of its levels.

You collected 365 gold pieces.

Inventory:

Hand weapons
 a - a +0 long sword
 g - a +2 hammer of venom
 w - a +1 short sword of holy wrath (weapon)
Armour
 c - a +0 shield
 k - a +0 large shield (worn)
Jewellery
 q - an uncursed ring of fire
 s - a ring of protection from fire (left tentacle)
Scrolls
 e - 3 scrolls of noise
 m - a scroll of enchant armour {unknown}
 n - a scroll of fear
 o - a scroll of magic mapping
 t - a scroll of teleportation {unknown}
 u - 3 scrolls of fog {unknown}
 v - a scroll of remove curse
 x - a scroll of identify
 y - a scroll of immolation {unknown}
Potions
 b - 2 potions of flight
 i - a potion of restore abilities
Comestibles
 d - 3 bread rations
 h - 4 fruits
 p - 2 meat rations


   Skills:
 + Level 4.5 Fighting
 + Level 3.6 Long Blades
 * Level 5.3 Dodging
 * Level 5.5 Shields


You had 6 spell levels left.
You didn't know any spells.

Dungeon Overview and Level Annotations

Branches:
Dungeon (5/15)
 Temple: D:4-7

Altars:
Sif Muna
Vehumet
The Shining One


Innate Abilities, Weirdness & Mutations

You cannot wear most types of armour.
You are amphibious.
You can wear up to eight rings at the same time.
You can use your tentacles to constrict many enemies at once.
Your skin changes colour to match your surroundings (Stealth).
Your rubbery body absorbs attacks (AC +1).
You are partially covered in rugged brown scales (AC +1, +3% HP).


Message History

* * * LOW HITPOINT WARNING * * *
The centaur closely misses you.
Unknown command.
Drink which item? (? for menu, Esc to quit)
It was a potion of haste.
You feel yourself speed up. The centaur barely misses you.
You are very lightly contaminated with residual magic.
Unknown command.
You hit the centaur.
The centaur is heavily wounded.
The centaur barely misses you.
You hit the centaur.
The centaur is heavily wounded.
The centaur hits you!
* * * LOW HITPOINT WARNING * * *
You block the centaur's attack.
You hit the centaur. You squeeze the centaur.
The centaur is almost dead.
The centaur hits you!
You die...

#.###. .. #
#...#.
########....
#.###.#.
..............
+.......
#..............
####.##.
#......Z.....#
#####.##.
#............#
#........
+............#
#.###.###
#.....c@.....#
#.# #.#
#....†((.....#
#.# #.#
#########....#
#.# #.#
#....###.# #.#
####..##.###.###
##.##........
######..##.#..##.
............#..#
#######..###..#


You could see a centaur and a worker ant zombie.

Vanquished Creatures
  The ghost of Johnny the Ducker, an average OpFi of the Shining One (D:4)
  An ogre (D:4)
  A scorpion (D:4)
  2 crimson imps
  Crazy Yiuf (D:3)
  A hound (D:5)
  An orc priest (D:4)
  A worker ant (D:5)
  3 adders
  A shadow imp (D:5)
  2 giant mites (D:3)
  2 worms (D:3)
  5 orcs
  11 goblins
  13 hobgoblins
  12 jackals
  3 quokkas
  2 ball pythons
  8 bats
  4 giant cockroaches
  5 giant newts
  A goblin skeleton (D:4)
  A hobgoblin zombie (D:4)
  9 kobolds
  4 kobold skeletons (D:4)
  A kobold zombie (D:4)
  An orc skeleton (D:4)
  An orc zombie (D:4)
  15 rats
113 creatures vanquished.

Notes
Turn   | Place    | Note
--------------------------------------------------------------
     0 | D:1      | Johnny, the Octopode Fighter, began the quest for the Orb.
     0 | D:1      | Reached XP level 1. HP: 16/16 MP: 1/1
   231 | D:1      | Reached XP level 2. HP: 18/21 MP: 2/2
   911 | D:2      | Reached XP level 3. HP: 19/26 MP: 3/3
  1292 | D:2      | Found a radiant altar of Vehumet.
  1475 | D:2      | Found a deep blue altar of Sif Muna.
  1985 | D:3      | Reached XP level 4. HP: 17/31 MP: 4/4
  2236 | D:3      | Reached skill level 4 in Shields
  2873 | D:3      | Reached XP level 5. HP: 36/36 MP: 5/5
  3070 | D:3      | Noticed Crazy Yiuf
  3075 | D:3      | Killed Crazy Yiuf
  3308 | D:4      | Found a glowing golden altar of the Shining One.
  3347 | D:4      | Became a worshipper of the Shining One
  3359 | D:4      | Reached XP level 6. HP: 41/43 MP: 6/6
  3466 | D:4      | Noticed an ogre
  3474 | D:4      | Killed an ogre
  3474 | D:4      | Reached skill level 5 in Shields
  3769 | D:4      | Noticed Johnny's ghost (average OpFi)
  3777 | D:4      | Killed Johnny's ghost
  3777 | D:4      | Reached skill level 5 in Dodging
  3777 | D:4      | Reached XP level 7. HP: 40/49 MP: 7/7
  3979 | D:5      | Entered Level 5 of the Dungeon
  4201 | D:5      | Gained mutation: You are partially covered in rugged brown scales (AC +1, +3% HP). [potion of beneficial mutation]
  4210 | D:5      | Slain by a centaur

Action                   |  1- 3 |  4- 6 |  7- 9 || total
-------------------------+-------+-------+-------++-------
Melee: Long sword        |    91 |    75 |       ||   166
       Short sword       |       |    51 |    38 ||    89
  Use: Potion            |     1 |       |     6 ||     7
       Scroll            |       |     9 |       ||     9
 Stab: Sleeping          |     4 |     3 |       ||     7
  Eat: Chunk             |     1 |     5 |     1 ||     7
       Beef jerky        |     1 |       |       ||     1
       Pizza             |       |     1 |       ||     1
